[Event "*** Titled Tuesday Blitz"]
[Site "Chess.com"]
[Date "2020.10.27"]
[Round "8"]
[White "fireheart92"]
[Black "Zq1"]
[Result "1-0"]
[WhiteElo "2843"]
[BlackElo "2487"]
[TimeControl "180+1"]
[EndTime "11:28:04 PDT"]
[Termination "fireheart92 won by resignation"]

1. d4 Nf6 2. c4 a6 3. Nc3 c5 4. e3 e6 5. Nf3 d5 6. a3 Nc6 7. dxc5 Bxc5 8. b4 Ba7 9. Bb2 O-O 10.
Qc2 d4 11. exd4 Nxd4 12. Nxd4 Bxd4 13. Be2 e5 14. O-O Be6 15. Rfd1 Rc8 16. c5 Qc7 17. Na4 Bxb2 18. Qxb2 e4 19. Rd6 Ne8 20. Rd2 f5 21. Rad1 Nf6 22. Rd6 Bf7 23. Qe5 Ne8 24. Nb6 Nxd6 25.
Nxc8 Qxc8 26. Rxd6 Re8 27. Qd4 f4 28. Rd7 Qc6 29. Bc4 1-0

[Event "*** Titled Tuesday Blitz"]
[Site "Chess.com"]
[Date "2020.10.27"]
[Round "8"]
[White "TotsukaBlade"]
[Black "olksuna"]
[Result "0-1"]
[WhiteElo "2432"]
[BlackElo "2614"]
[TimeControl "180+1"]
[EndTime "11:28:04 PDT"]
[Termination "olksuna won by resignation"]

1. e4 Nf6 2. e5 Nd5 3. d4 d6 4. Nf3 Bg4 5. exd6 exd6 6. c4 Nb6 7. Nc3 Be7 8. Be2 O-O 9. O-O Nc6 10. b3 Bf6 11.
Be3 d5 12. c5 Nc8 13. h3 Bh5 14. g4 Bg6 15. Qd2 Be4 16. Nh2 h6 17. f3 Bh7 18.
f4 Re8 19. Rad1 N8e7 20. g5 Nf5 21. Bf2 hxg5 22. Ng4 Bxd4 23. fxg5 Bxc3 24. Qxc3 Rxe2 25. Qf3 Re4 26. Rfe1 Qe7 27. Rxe4 dxe4 28. Qf4 Re8 29. Ne3 Nxe3 30. Bxe3 Qe6 31. Kg2 Bf5 32. h4 Ne5 33.
Rf1 Nf3 0-1

[Event "*** Titled Tuesday Blitz"]
[Site "Chess.com"]
[Date "2020.10.27"]
[Round "8"]
[White "mapleaff"]
[Black "m-garcett"]
[Result "0-1"]
[WhiteElo "2380"]
[BlackElo "2096"]
[TimeControl "180+1"]
[EndTime "11:28:04 PDT"]
[Termination "m-garcett won on time"]

1. e4 c5 2. Nf3 d6 3. d4 cxd4 4. Nxd4 Nf6 5. Nc3 a6 6. Bg5 e6 7.
f4 h6 8. Bh4 Qb6 9. Qd3 Qxb2 10. Rb1 Qa3 11. e5 dxe5 12. fxe5 Nfd7 13. Nxe6 Qa5 14.
Qc4 Nc6 15. Be2 Ndxe5 16. Nxg7+ Bxg7 17. Qb3 Be6 0-1

[Event "*** Titled Tuesday Blitz"]
[Site "Chess.com"]
[Date "2020.10.27"]
[Round "8"]
[White "BigAl"]
[Black "Volodar_Murzin"]
[Result "0-1"]
[WhiteElo "2471"]
[BlackElo "2618"]
[TimeControl "180+1"]
[EndTime "11:28:05 PDT"]
[Termination "Volodar_Murzin won by checkmate"]

1. e4 c5 2. Nc3 d6 3. f4 Nc6 4. Nf3 g6 5. Bb5 Bg7 6. O-O Bd7 7. d3 e6 8. f5 Nge7 9. fxe6 Bxe6 10. Ng5 O-O 11. a4 Nd4 12. Nxe6 fxe6 13. Bg5 h6 14. Bd2 Rxf1+ 15. Kxf1 Nec6 16. Bc4 Ne5 17. Ba2 Qh4 18. Kg1 Rf8 19. Be1 Qg5 20. Bg3 Ng4 21. Qc1 Ne3 22.
Qd2 Be5 23. Nb5 Bxg3 24. hxg3 Nexc2 25. Qxg5 hxg5 26. Rd1 Kg7 27. Nxd6 Ne2+ 28. Kh2 Rh8# 0-1

[Event "*** Titled Tuesday Blitz"]
[Site "Chess.com"]
[Date "2020.10.27"]
[Round "8"]
[White "Shuvalov"]
[Black "CakeinSpace2002"]
[Result "0-1"]
[WhiteElo "2491"]
[BlackElo "2360"]
[TimeControl "180+1"]
[EndTime "11:28:06 PDT"]
[Termination "CakeinSpace2002 won by checkmate"]

1. e4 c5 2. Nf3 Nc6 3. d4 cxd4 4. Nxd4 Nf6 5. Nc3 e5 6. Ndb5 d6 7. Bg5 a6 8. Bxf6 gxf6 9. Na3 b5 10. Nd5 Bg7 11. c3 f5 12. Bd3 fxe4 13. Bxe4 O-O 14.
O-O Rb8 15. Qh5 f5 16. Bc2 Ne7 17. Bb3 Nxd5 18. Bxd5+ Kh8 19. Nc2 Rf6 20. Nb4 Bd7 21. Nxa6 Rh6 22. Qf7 Qh4 23. h3 Rd8 24. Nb8 Bc8 25.
Nc6 Rf8 26. Qc7 f4 27. Rfd1 Bxh3 28. gxh3 Qxh3 29. Ne7 f3 30. Bxf3 Qxf3 31. Qc6 Rh1# 0-1

[Event "*** Titled Tuesday Blitz"]
[Site "Chess.com"]
[Date "2020.10.27"]
[Round "8"]
[White "Alexsur1981"]
[Black "blitzking1729"]
[Result "1-0"]
[WhiteElo "2770"]
[BlackElo "2576"]
[TimeControl "180+1"]
[EndTime "11:28:09 PDT"]
[Termination "Alexsur1981 won by resignation"]

1. e4 c6 2. Nc3 d5 3. Qe2 d4 4. Nd1 e5 5. g3 Nf6 6. d3 c5 7. f4 Nc6 8. Nf3 Bd6 9. Bg2 Bg4 10. O-O Qc7 11. Nf2 Bxf3 12. Bxf3 O-O-O 13. f5 Nd7 14. Bg2 f6 15. g4 h6 16. Nh1 b5 17. Ng3 Nb6 18. Bd2 Kb7 19. Nh5 c4 20. Rfc1 a6 21. Bf1 Bc5 22. Kg2 Rhg8 23. Be1 Qe7 24. Qf3 Qc7 25. h4 Ka7 26. Kh3 Kb7 27. Be2 Ka7 28. Qf1 Qf7 29. a4 Kb7 30. axb5 axb5 31. dxc4 bxc4 32.
b3 Ra8 33. bxc4 Rxa1 34. Rxa1 Ra8 35. Rxa8 Kxa8 36. Bd2 Kb7 37. Qb1 Kc7 38. Qb5 Kd6 39. Bd3 Qa7 40. Kg2 Qf7 41. Kf3 Qa7 42. Ke2 Qf7 43. Qb3 Qa7 44. Be1 Qf7 45. Qa2 Nb4 46. Bxb4 Bxb4 47. c5+ 1-0

[Event "*** Titled Tuesday Blitz"]
[Site "Chess.com"]
[Date "2020.10.27"]
[Round "8"]
[White "bsnsun"]
[Black "BogdanBelyakov89"]
[Result "1/2-1/2"]
[WhiteElo "2468"]
[BlackElo "2582"]
[TimeControl "180+1"]
[EndTime "11:28:11 PDT"]
[Termination "Game drawn - insufficient material"]

1. d4 Nf6 2. c4 g6 3. Nf3 Bg7 4.
g3 O-O 5. Bg2 d6 6. Nc3 c5 7.
dxc5 dxc5 8. O-O Nc6 9. Be3 Qa5 10. Qa4 Qb4 11. Qb5 Be6 12. Bxc5 Qxc4 13. Qxc4 Bxc4 14. Rac1 Rfd8 15. Rfd1 Nd5 16. Nd4 Nxc3 17. bxc3 Bxa2 18. Nxc6 bxc6 19. Bxe7 Rxd1+ 20. Rxd1 Re8 21. Bc5 Bxc3 22. Bxa7 Rxe2 23. Bxc6 h5 24. Bf3 Rb2 25. Bd4 Bxd4 26. Rxd4 Be6 27. h4 Kg7 28. Bd5 Bh3 29. Bg2 Rb1+ 30. Kh2 Be6 31. Bd5 Kf6 32. Bxe6 Kxe6 33.
Kg2 Rb3 34. Rd8 Rb5 35. Re8+ Kf5 36. Rf8 f6 37. Rh8 Rb2 38. Rh7 Rb6 39. Rh8 Re6 40.
Rh7 Ke4 41. Rg7 f5 42. Rf7 Ke5 43. Rf8 Rf6 44. Rxf6 Kxf6 45. Kf3 g5 46. hxg5+ Kxg5 47. Kg2 Kg4 48. f3+ Kg5 49. Kh3 f4 50. gxf4+ Kxf4 51. Kh4 Kxf3 52. Kxh5 1/2-1/2

[Event "*** Titled Tuesday Blitz"]
[Site "Chess.com"]
[Date "2020.10.27"]
[Round "8"]
[White "Gloomy_Wanderer"]
[Black "GM_Levan_Pantsulaia"]
[Result "0-1"]
[WhiteElo "2710"]
[BlackElo "2853"]
[TimeControl "180+1"]
[EndTime "11:28:14 PDT"]
[Termination "GM_Levan_Pantsulaia won by resignation"]

1. d4 Nf6 2. Nf3 c5 3. d5 g6 4. Nc3 Bg7 5. e4 d6 6. h3 O-O 7. Bd3 Na6 8. O-O Nc7 9. a4 a6 10. a5 Nb5 11. Bd2 Bd7 12. Re1 Nc7 13. Na4 Bxa4 14.
Rxa4 Nd7 15. c3 Re8 16. Bc4 b5 17. axb6 Nxb6 18. Bd3 Nxa4 19. Qxa4 Qb8 20. Bc1 Qb6 21. Bc4 Red8 22. Rd1 Qb7 23. Qa2 Qc8 24. Bg5 Qd7 25. Kh1 a5 26. Kh2 a4 27. Rd3 Rdb8 28. Bc1 Ra7 29. Kh1 Na8 30. Rd1 Nb6 31. Be2 f5 32. exf5 Qxf5 33. Bg5 Qd7 34. Bc1 a3 35. bxa3 Na4 36.
Qc2 Nxc3 37. Re1 Nxe2 38. Qxe2 Qf5 39. Qc4 Rb1 40. Nd2 Ra1 41. Nf3 Bf6 42. Kh2 Rb7 43. Re4 Rxc1 0-1

[Event "*** Titled Tuesday Blitz"]
[Site "Chess.com"]
[Date "2020.10.27"]
[Round "8"]
[White "scarabee43"]
[Black "Rodalquilar"]
[Result "1-0"]
[WhiteElo "2573"]
[BlackElo "2737"]
[TimeControl "180+1"]
[EndTime "11:28:14 PDT"]
[Termination "scarabee43 won on time"]

1. Nf3 d5 2. e3 Nf6 3. c4 e6 4. Nc3 b6 5. b3 Bb7 6. Bb2 Nbd7 7. Rc1 c5 8. cxd5 exd5 9. d4 a6 10. g3 Bd6 11. Bg2 Qe7 12. O-O O-O 13. dxc5 bxc5 14. Ne2 Rad8 15. Nf4 Nb6 16. a4 a5 17. Qe2 Ne4 18.
Rfd1 Bc7 19. Nd2 Nf6 20. Bxf6 gxf6 21. Nf3 Rfe8 22. Nh4 Bc8 23. Nxd5 Nxd5 24. Rxd5 Rxd5 25. Bxd5 Qe5 26. Bg2 h5 27. Rd1 Bg4 28. Bf3 f5 29.
Qc4 Rd8 30. Rc1 Bb6 31. Qb5 Rd6 32. Bc6 Kg7 33. Qxb6 Qb2 34. Qxc5 Rd2 35. Qc3+ Qxc3 36.
Rxc3 Bh3 37. Rc1 1-0

[Event "*** Titled Tuesday Blitz"]
[Site "Chess.com"]
[Date "2020.10.27"]
[Round "8"]
[White "Kotofeyca"]
[Black "SilviusTiberius"]
[Result "0-1"]
[WhiteElo "2350"]
[BlackElo "2524"]
[TimeControl "180+1"]
[EndTime "11:28:14 PDT"]
[Termination "SilviusTiberius won by checkmate"]

1. d4 d5 2. c4 e6 3. Nc3 Nf6 4.
Bg5 Nbd7 5. cxd5 exd5 6. e3 Be7 7. Bd3 O-O 8. Qc2 h6 9. Bh4 c5 10. dxc5 Nxc5 11. Nf3 Be6 12. O-O Rc8 13. Nd4 Nfe4 14. Bxe7 Qxe7 15. Rfd1 Rfd8 16. Rac1 Bg4 17. Be2 Nxc3 18.
Bxg4 Nxd1 19. Bxc8 Rxc8 20. Qxd1 Rd8 21. Nf5 Qf8 22.
Qd4 b6 23. b4 Ne6 24. Qg4 g6 25. a3 h5 26. Qg3 Kh7 27. Nd4 Nxd4 28. exd4 Rc8 29. Rc7 Qe7 30. Rxe7 Rc1+ 31. Re1 Rxe1# 0-1

[Event "*** Titled Tuesday Blitz"]
[Site "Chess.com"]
[Date "2020.10.27"]
[Round "8"]
[White "jacky72"]
[Black "Trickov"]
[Result "1-0"]
[WhiteElo "2514"]
[BlackElo "2347"]
[TimeControl "180+1"]
[EndTime "11:28:15 PDT"]
[Termination "jacky72 won on time"]

1. e4 c5 2. a3 d5 3. exd5 Qxd5 4.
Nc3 Qd8 5. Nf3 Nf6 6. b4 e6 7. Bb5+ Bd7 8. Bxd7+ Nbxd7 9. b5 Be7 10. O-O O-O 11. Bb2 a6 12. Qe2 axb5 13. Qxb5 Qb6 14.
a4 Rfd8 15. d3 Ra5 16. Qxb6 Nxb6 17. Rfb1 Rda8 18. Bc1 Nxa4 19. Nxa4 Rxa4 20. Rxa4 Rxa4 21. Be3 b5 22. g3 b4 23. c3 Nd5 24. cxb4 cxb4 25. Bd4 Bf6 26. Kg2 Bxd4 27. Nxd4 Ra3 28. Nc2 Ra8 29. Rb3 h6 30. Kf3 g5 31. Ke4 Rc8 32.
Nd4 Nc3+ 33. Ke5 Nd5 34. f4 Rc3 35. f5 Rxb3 36. Nxb3 Nc7 37. Kd6 Ne8+ 38. Ke7 Ng7 39. fxe6 Nxe6 40. d4 Nc7 41. Kd6 Nb5+ 42. Kc6 Na7+ 43.
Kc5 f5 44. d5 f4 45. gxf4 gxf4 46. Kxb4 1-0

[Event "*** Titled Tuesday Blitz"]
[Site "Chess.com"]
[Date "2020.10.27"]
[Round "8"]
[White "xberli"]
[Black "PauloCesarCosta_sad"]
[Result "0-1"]
[WhiteElo "2532"]
[BlackElo "2334"]
[TimeControl "180+1"]
[EndTime "11:28:17 PDT"]
[Termination "PauloCesarCosta_sad won on time"]

1. e4 e6 2. d4 d5 3. Nc3 Nf6 4. e5 Nfd7 5. f4 c5 6. Nf3 Nc6 7. Be3 cxd4 8. Nxd4 Bc5 9. Qd2 O-O 10. O-O-O a6 11. Qf2 Bxd4 12. Bxd4 b5 13. Ne2 f6 14.
exf6 Nxd4 15. Nxd4 Qxf6 16. Qe3 e5 17. fxe5 Nxe5 18.
Be2 Bg4 19. Rhf1 Qd6 20. Rxf8+ Rxf8 21. h3 Nc4 22. Qg5 Bxe2 23. Nxe2 Rf2 24. Nc3 Qb4 25. Qxd5+ Rf7 26. Qd8+ Rf8 27. Qd5+ Kh8 28. b3 Qa3+ 0-1

[Event "*** Titled Tuesday Blitz"]
[Site "Chess.com"]
[Date "2020.10.27"]
[Round "8"]
[White "kinga2008"]
[Black "kidagent"]
[Result "0-1"]
[WhiteElo "2120"]
[BlackElo "2301"]
[TimeControl "180+1"]
[EndTime "11:28:21 PDT"]
[Termination "kidagent won by resignation"]

1. e4 c5 2. Nf3 d6 3. c3 Nf6 4. Bd3 e5 5. Bc2 Nc6 6. O-O Be7 7. d4 cxd4 8. cxd4 Bg4 9. d5 Nd4 10. Nbd2 O-O 11. h3 Nxf3+ 12. Nxf3 Bh5 13. Bg5 Rc8 14. Rc1 Qa5 15. a3 h6 16. Bxf6 Bxf6 17. Qd3 Rc7 18. b4 Qb6 19. Ba4 Rfc8 20. Rxc7 Rxc7 21. g4 Bg6 22.
Nd2 Qd4 23. Qxd4 exd4 24. f4 Rc3 25. Bb3 d3 26. Re1 Bd4+ 27. Kf1 f6 28. e5 fxe5 29. fxe5 Bxe5 30. Kf2 Bf4 31. Re6 Bxd2 32. Rxg6 Rxb3 33. Rxd6 Bg5 34. Re6 d2 35. Ke2 Rb1 0-1

[Event "*** Titled Tuesday Blitz"]
[Site "Chess.com"]
[Date "2020.10.27"]
[Round "8"]
[White "Marina_Chess_Rus"]
[Black "AlexeiShirov"]
[Result "0-1"]
[WhiteElo "2272"]
[BlackElo "2788"]
[TimeControl "180+1"]
[EndTime "11:28:26 PDT"]
[Termination "AlexeiShirov won by resignation"]

1. d4 d5 2. Nf3 Nf6 3. c4 c6 4. Nc3 e6 5. cxd5 exd5 6. Bg5 h6 7.
Bh4 Bf5 8. e3 Nbd7 9. Bd3 Bxd3 10.
Qxd3 Be7 11. O-O O-O 12. Rab1 a5 13. Rfc1 Re8 14. Ne5 Nxe5 15. dxe5 Nd7 16. Bxe7 Qxe7 17. f4 f6 18. exf6 Nxf6 19. Re1 Qc5 20. Qd4 b6 21. Na4 Qb5 22. b3 c5 23. Qb2 Re7 24. Nc3 Qc6 25.
Rbd1 Rae8 26. Qd2 Rd7 27. Qd3 c4 28. Qd2 b5 29. a4 b4 30. Nb5 c3 31. Qd3 Re4 32. Nd4 Qc5 33. Re2 Rde7 34. Nf5 Re8 35. h3 d4 36. Nxd4 Nd5 37. Nf5 Nxf4 38. Qc2 Nxe2+ 39.
Qxe2 Qxf5 0-1

[Event "*** Titled Tuesday Blitz"]
[Site "Chess.com"]
[Date "2020.10.27"]
[Round "8"]
[White "Kazmin_Dmitrij"]
[Black "MathiasWomacka"]
[Result "1/2-1/2"]
[WhiteElo "2277"]
[BlackElo "2495"]
[TimeControl "180+1"]
[EndTime "11:28:26 PDT"]
[Termination "Game drawn by repetition"]

1. e4 c5 2. f4 d5 3. exd5 Nf6 4. Bb5+ Bd7 5. Bxd7+ Qxd7 6. c4 e6 7. Qe2 Bd6 8. d3 O-O 9. dxe6 fxe6 10. Nf3 Nc6 11.
O-O Rae8 12. Nc3 e5 13. f5 Qxf5 14. Bg5 Nd4 15. Nxd4 Qxg5 16. Nf5 Bc7 17. Ne4 Nxe4 18. Qxe4 Rd8 19. Ne3 Rxf1+ 20. Rxf1 Rd4 21. Qf3 h5 22. Nd5 Bd6 23. Qf7+ Kh7 24. Nf6+ Kh6 25. Ng8+ Kh7 26. Nf6+ Kh6 27. Ng8+ Kh7 28. Nf6+ 1/2-1/2

[Event "*** Titled Tuesday Blitz"]
[Site "Chess.com"]
[Date "2020.10.27"]
[Round "8"]
[White "GMKrikor"]
[Black "GelmanAlexander"]
[Result "1-0"]
[WhiteElo "2797"]
[BlackElo "2585"]
[TimeControl "180+1"]
[EndTime "11:28:28 PDT"]
[Termination "GMKrikor won by checkmate"]

1. e4 c5 2. Nf3 e6 3. d4 cxd4 4. Nxd4 a6 5. Bd3 d6 6. O-O Nf6 7. c4 Nbd7 8. Nc3 b6 9. Qe2 Bb7 10. Bd2 g6 11. Kh1 Bg7 12. Rae1 O-O 13. f4 Nc5 14.
Nf3 Nxd3 15. Qxd3 Qc7 16. b3 Rac8 17. Rc1 Rfd8 18. Be3 Ba8 19. h3 Qb8 20. f5 b5 21.
fxe6 fxe6 22. cxb5 axb5 23. b4 Rc4 24. Ng5 Re8 25.
Nxb5 Rxc1 26. Rxc1 h6 27. Nxd6 Rd8 28. Ngf7 Rd7 29.
Qa6 Kh7 30. Rc8 Qxb4 31. Qxa8 Qe1+ 32. Bg1 Nh5 33. Rh8+ Bxh8 34. Qxh8# 1-0

[Event "*** Titled Tuesday Blitz"]
[Site "Chess.com"]
[Date "2020.10.27"]
[Round "8"]
[White "MoreChessJulia"]
[Black "Bastiandash"]
[Result "0-1"]
[WhiteElo "2047"]
[BlackElo "2336"]
[TimeControl "180+1"]
[EndTime "11:28:28 PDT"]
[Termination "Bastiandash won by resignation"]

1. d4 Nf6 2. c4 e6 3. Nf3 Bb4+ 4.
Bd2 a5 5. g3 O-O 6. Bg2 d5 7. O-O dxc4 8. Bg5 Be7 9. Nbd2 b5 10.
Ne5 Nd5 11. Bxe7 Qxe7 12. a4 c6 13. axb5 cxb5 14. b3 c3 15. Ne4 b4 16. Nc5 Nd7 17. Ned3 Nxc5 18. Nxc5 Bb7 19. Nxb7 Qxb7 20. e4 Ne7 21.
Qg4 Rad8 22. Rfd1 Qb6 23. d5 exd5 24. e5 d4 25. Be4 Ng6 26. f4 d3+ 27. Kh1 Qe3 28.
Bxg6 hxg6 29. e6 Qe4+ 30. Kg1 d2 31. Rxa5 c2 32. Re5 Qd4+ 33. Kh1 cxd1=Q+ 34. Qxd1 Rc8 35. e7 Rc1 0-1

[Event "*** Titled Tuesday Blitz"]
[Site "Chess.com"]
[Date "2020.10.27"]
[Round "8"]
[White "ChelsieMonica"]
[Black "Lenyas66"]
[Result "1-0"]
[WhiteElo "2346"]
[BlackElo "2452"]
[TimeControl "180+1"]
[EndTime "11:28:30 PDT"]
[Termination "ChelsieMonica won by resignation"]

1. e4 e6 2. d3 d5 3. Be2 c5 4.
f3 Bd6 5. f4 Nc6 6. e5 Bc7 7.
Nf3 Nge7 8. O-O O-O 9. c3 f6 10. d4 Bb6 11. Be3 cxd4 12. cxd4 Nf5 13. Bf2 fxe5 14. fxe5 g5 15. h3 h5 16. g4 hxg4 17. hxg4 Nh6 18. Nh2 Rxf2 19. Rxf2 Bxd4 20. Kg2 Bxf2 21.
Kxf2 Qb6+ 22. Kg2 Qxb2 23. Nd2 Nxe5 24. Rb1 Qd4 25. Ndf3 Qxd1 26. Rxd1 Nhf7 27. Rc1 Bd7 28. Rc7 Bc6 29. Nd4 Nd8 30. Nf1 Nef7 31. Ne3 Nd6 32. Re7 e5 33. Rxe5 N8f7 34. Re6 Re8 35. Rxe8+ Nxe8 36. Nef5 Kf8 37. Ne6+ Kg8 38. Ne7+ Kh8 39. Nd4 Nf6 40.
Nexc6 bxc6 41. Nxc6 Ne5 42. Nxe5 1-0

[Event "*** Titled Tuesday Blitz"]
[Site "Chess.com"]
[Date "2020.10.27"]
[Round "8"]
[White "zurzan"]
[Black "keepitcoming"]
[Result "0-1"]
[WhiteElo "2056"]
[BlackElo "2540"]
[TimeControl "180+1"]
[EndTime "11:28:30 PDT"]
[Termination "keepitcoming won by resignation"]

1. f4 e5 2. fxe5 d6 3. exd6 Bxd6 4. Nf3 Nf6 5. Nc3 O-O 6. g3 Bg4 7. Bg2 Nbd7 8. O-O Re8 9. d3 c6 10. Bg5 Qc7 11. e4 Qb6+ 12. Kh1 Qxb2 13. Qd2 Qa3 14.
Ne2 h6 15. Be3 Rad8 16. h3 Bxf3 17. Bxf3 c5 18. Kg2 c4 19. Qc3 Ne5 20. Qxa3 Bxa3 21. Bxa7 Nxd3 22. cxd3 cxd3 23. Nf4 Nxe4 24. Rad1 d2 25.
Bxe4 Rxe4 26. Kf3 Re7 27. Be3 Bb4 28. Rf2 g5 29. Nh5 Rd3 30. Nf6+ Kg7 31. Ne4 f5 32. Rfxd2 fxe4+ 33. Ke2 Bxd2 34. Rxd2 Rxd2+ 35. Bxd2 Kg6 36. Ke3 Kf5 37. Bb4 Rd7 38. a3 Rd3+ 39. Ke2 Rxg3 40.
h4 gxh4 0-1

[Event "*** Titled Tuesday Blitz"]
[Site "Chess.com"]
[Date "2020.10.27"]
[Round "8"]
[White "Zkid"]
[Black "deep306"]
[Result "1-0"]
[WhiteElo "2811"]
[BlackElo "2590"]
[TimeControl "180+1"]
[EndTime "11:28:32 PDT"]
[Termination "Zkid won by resignation"]

1. e4 e6 2. d4 d5 3. Nc3 Bb4 4. Ne2 dxe4 5. a3 Be7 6. Nxe4 Nf6 7. Nxf6+ Bxf6 8. Be3 b6 9. Qd3 Bb7 10. O-O-O Qe7 11.
Rg1 Nd7 12. g4 h6 13. Bg2 O-O-O 14. Ng3 g6 15. Bxb7+ Kxb7 16. Qe4+ c6 17. Rd3 Bg7 18. Qf3 Nf6 19. c4 Ne8 20. d5 exd5 21. cxd5 Qf6 22. dxc6+ Kc8 23. Rxd8+ Kxd8 24. Rd1+ Kc8 25. Qe2 Qxc6+ 26.
Kb1 Kb7 27. Bd4 Bxd4 28. Rxd4 Nf6 29. Qe7+ Kb8 30. Rd6 Nd5 31. Qe5 1-0

[Event "*** Titled Tuesday Blitz"]
[Site "Chess.com"]
[Date "2020.10.27"]
[Round "8"]
[White "Shahinyan_ChessMood"]
[Black "Ginger_GM"]
[Result "0-1"]
[WhiteElo "2759"]
[BlackElo "2604"]
[TimeControl "180+1"]
[EndTime "11:28:33 PDT"]
[Termination "Ginger_GM won by resignation"]

1. e4 c5 2. Nc3 Nc6 3. g3 g6 4.
Bg2 Bg7 5. d3 d6 6. Be3 e5 7.
Qd2 h5 8. h4 Nd4 9. Nce2 Ne7 10. f4 Bg4 11. c3 Ne6 12. Nf3 f5 13. O-O O-O 14. fxe5 dxe5 15. Ng5 Nxg5 16. Bxg5 Qd7 17. Qe3 Rac8 18. Rad1 Nc6 19. Rd2 Kh7 20. Bf3 f4 21. gxf4 exf4 22. Nxf4 Ne5 23. Bxg4 Nxg4 24. Qe2 Be5 25.
Rdd1 Rf7 26. Nd5 Rcf8 27. Rxf7+ Rxf7 28. Rf1 Bg3 29. Rf3 Bh2+ 30. Kg2 Bb8 31. Rxf7+ Qxf7 32. Qf3 Qe6 33. Qf8 Bd6 34. Qh6+ Nxh6 0-1

[Event "*** Titled Tuesday Blitz"]
[Site "Chess.com"]
[Date "2020.10.27"]
[Round "8"]
[White "kai_nov"]
[Black "TudorAnton"]
[Result "0-1"]
[WhiteElo "2288"]
[BlackElo "2496"]
[TimeControl "180+1"]
[EndTime "11:28:35 PDT"]
[Termination "TudorAnton won on time"]

1. d4 d5 2. c4 e6 3. Nc3 Nf6 4. cxd5 exd5 5. Bg5 Be7 6. e3 c6 7. Bd3 O-O 8. Nf3 Nbd7 9. Qc2 Re8 10. Bf4 Nf8 11. h3 Ne6 12. Be5 Bd6 13. Bxd6 Qxd6 14. O-O-O a5 15. Ne5 Nf8 16. g4 N6d7 17. Nxd7 Bxd7 18.
Kb1 a4 19. Nxa4 b5 20. Nc5 h6 21. Rc1 Rec8 22. Rhg1 Be8 23. h4 Ra7 24. Qb3 Rca8 25. a3 Ne6 26. Nxe6 Qxe6 27. h5 Qe7 28. Rc5 Qh4 29. Rc2 Ra4 30. f4 b4 31. g5 Qxh5 32. gxh6 Qxh6 33. Rcg2 bxa3 34. Rxg7+ Qxg7 35. Rxg7+ Kxg7 36. bxa3 Rxa3 0-1

[Event "*** Titled Tuesday Blitz"]
[Site "Chess.com"]
[Date "2020.10.27"]
[Round "8"]
[White "Nils_03"]
[Black "WiktoriaPOL"]
[Result "1-0"]
[WhiteElo "2251"]
[BlackElo "2084"]
[TimeControl "180+1"]
[EndTime "11:28:35 PDT"]
[Termination "Nils_03 won by resignation"]

1. Nf3 c5 2. g3 Nc6 3. Bg2 g6 4. O-O Bg7 5. e4 e6 6. c3 d5 7. exd5 exd5 8. Re1+ Nge7 9. d4 cxd4 10. cxd4 O-O 11. h3 Nf5 12. Be3 Nxe3 13. Rxe3 Qb6 14. Rb3 Qa5 15. Nc3 Be6 16. Rb5 Qc7 17. Nxd5 Qd7 18.
Ne5 Nxe5 19. Rxb7 Qd6 20. dxe5 Qxe5 21. Ne7+ Kh8 22. Nc6 Qf6 23. Qf3 Qxf3 24. Bxf3 Bxh3 25. Rb1 Bf5 26. Re1 Rfe8 27. Rxe8+ Rxe8 28. Nxa7 Re1+ 29. Kg2 Kg8 30. Nc6 Bf8 31. a4 Ra1 32. a5 g5 33.
g4 Be6 34. b4 Kg7 35. b5 Ra4 36. a6 Bxg4 37. a7 Bxf3+ 38. Kxf3 g4+ 39. Kg2 h5 40. Rb8 Bd6 41. a8=Q Rf4 42. Rg8+ Kf6 43. Qd8+ Ke6 44. Re8+ Kd5 45. Re5+ Kc4 46. Qxd6 1-0

[Event "*** Titled Tuesday Blitz"]
[Site "Chess.com"]
[Date "2020.10.27"]
[Round "8"]
[White "Meri-Arabidze"]
[Black "venus02"]
[Result "1-0"]
[WhiteElo "2674"]
[BlackElo "2508"]
[TimeControl "180+1"]
[EndTime "11:28:37 PDT"]
[Termination "Meri-Arabidze won by resignation"]

1. d4 Nf6 2. c4 g6 3. Nc3 d5 4. g3 c6 5. Bg2 Bg7 6. cxd5 cxd5 7.
Nf3 O-O 8. Ne5 Nc6 9. O-O a5 10. Bf4 Be6 11. Rc1 Rc8 12. Nb5 Qb6 13. a4 Nh5 14.
Qd2 Nxf4 15. gxf4 Nb4 16. e3 f6 17. Nd3 Nxd3 18. Qxd3 Bf7 19. Bh3 e6 20. Qa3 Rfd8 21. Qe7 Rxc1 22. Rxc1 Re8 23. Qc7 Qxc7 24. Rxc7 Bf8 25.
Rxb7 e5 26. fxe5 fxe5 27. dxe5 Rxe5 28. Bg2 Rg5 29. f4 Rf5 30. Nd4 Rf6 31. Rb5 Rd6 32.
Rxa5 Bg7 33. Ra8+ Bf8 34. a5 Rd7 35. a6 Kg7 36. a7 Bc5 37. Rg8+ Bxg8 38. a8=Q Ra7 39.
Qc8 1-0

[Event "*** Titled Tuesday Blitz"]
[Site "Chess.com"]
[Date "2020.10.27"]
[Round "8"]
[White "AsaHoffmann"]
[Black "Vandros57"]
[Result "1/2-1/2"]
[WhiteElo "2354"]
[BlackElo "2217"]
[TimeControl "180+1"]
[EndTime "11:28:37 PDT"]
[Termination "Game drawn by stalemate"]

1. d4 d5 2. Bg5 Nd7 3. c4 h6 4. Bh4 dxc4 5. Nc3 Ngf6 6. e4 e5 7. Bxc4 exd4 8. Qxd4 Bc5 9. Bxf6 Qxf6 10. Qxf6 Nxf6 11.
Nf3 Be6 12. Bxe6 fxe6 13. O-O Ke7 14. Ne5 Rhd8 15. Rac1 Bb6 16. h3 c6 17. Rfd1 Rxd1+ 18. Rxd1 Rd8 19. Rxd8 Bxd8 20. Kf1 Bc7 21. Nc4 b5 22. Nd2 Be5 23. Nd1 Kd6 24. g3 g5 25.
Ke2 Kc5 26. Nb3+ Kb6 27. Ke3 a5 28. f4 gxf4+ 29. gxf4 Bb8 30. Nf2 a4 31. Nd4 e5 32.
Ne2 exf4+ 33. Nxf4 c5 34. Nd5+ Nxd5+ 35. exd5 Be5 36.
b3 axb3 37. axb3 c4 38. bxc4 bxc4 39. Ke4 Bf6 40. Ng4 Bg5 41. Ne5 Kc5 42. Nxc4 Kxc4 43.
d6 Kc5 44. d7 Kd6 45. Kf5 Kxd7 46. h4 Bd2 47. h5 Kd6 48. Kg4 Ke5 49. Kh3 Kf4 50. Kg2 Kg4 51. Kh1 Kh3 52. Kg1 Be3+ 53. Kh1 Bf2 1/2-1/2

[Event "*** Titled Tuesday Blitz"]
[Site "Chess.com"]
[Date "2020.10.27"]
[Round "8"]
[White "FMOlexandrProhorov"]
[Black "nitpicker"]
[Result "0-1"]
[WhiteElo "2107"]
[BlackElo "2253"]
[TimeControl "180+1"]
[EndTime "11:28:38 PDT"]
[Termination "nitpicker won by checkmate"]

1. e4 d5 2. exd5 Qxd5 3. Nc3 Qd8 4. d4 Nf6 5. Bc4 a6 6. Nge2 b5 7.
Bb3 c5 8. dxc5 Qxd1+ 9. Nxd1 e6 10. O-O Bxc5 11. Be3 Nbd7 12. a4 b4 13. Bxc5 Nxc5 14.
Bc4 Bb7 15. Ne3 Ke7 16. c3 bxc3 17. Nxc3 Rhc8 18. Rfe1 Rab8 19. Nf5+ Kf8 20. Nd6 Rc7 21. Nxb7 Rbxb7 22. Rab1 Rb4 23. b3 Nxb3 24. Rxb3 Rbxc4 25. Ne2 Rxa4 26. Reb1 g6 27. h3 Ra2 28. Nc3 Rc2 29.
Na4 Rc1+ 30. Rxc1 Rxc1+ 31. Kh2 Rc6 32. Rb8+ Kg7 33. Ra8 Nd5 34. Nb2 h5 35. Nd3 Kf6 36. f4 Kf5 37. g3 h4 38. g4+ Ke4 39. Ne5 Rc2+ 40. Kg1 Kxf4 41. Nxf7 Ra2 42. Re8 Kg3 43. Kf1 Nf4 44. Ng5 Ra1# 0-1

[Event "*** Titled Tuesday Blitz"]
[Site "Chess.com"]
[Date "2020.10.27"]
[Round "8"]
[White "Arseniy_Nesterov"]
[Black "alexrustemov"]
[Result "1-0"]
[WhiteElo "2808"]
[BlackElo "2668"]
[TimeControl "180+1"]
[EndTime "11:28:42 PDT"]
[Termination "Arseniy_Nesterov won by resignation"]

1. d4 d5 2. c4 e6 3. Nc3 Be7 4. Nf3 Nf6 5. Bg5 O-O 6. e3 h6 7.
Bh4 b6 8. Be2 Bb7 9. Bxf6 Bxf6 10. cxd5 exd5 11. b4 c6 12. O-O a5 13. b5 c5 14. Ne5 Qd6 15. f4 Nd7 16. Bg4 cxd4 17.
exd4 Nxe5 18. fxe5 Bxe5 19. dxe5 Qc5+ 20. Kh1 Qxc3 21.
Qe2 Rae8 22. e6 fxe6 23. Rxf8+ Rxf8 24. Qxe6+ Kh8 25. Rg1 Qf6 26. Qxf6 Rxf6 27. Bf3 Bc8 28. Bxd5 Bd7 29. Rc1 Bxb5 30. Rc8+ Kh7 31. Be4+ g6 32.
h3 Kg7 33. Rb8 g5 34. Rb7+ Kf8 35. Kh2 Bc6 36. Rxb6 1-0